 Dungeon Crawl Stone Soup version 0.29.1-4-g47bece8355 (webtiles) character file.

Game seed: 14671752881009510197

35 mester the Grasshopper (level 3, -8/18 HPs)
             Began as a Spriggan Warper on Dec 1, 2022.
             Mangled by a worm (10 damage)
             ... on level 2 of the Dungeon.
             The game lasted 00:11:30 (2512 turns).

mester the Grasshopper (Spriggan Warper)            Turns: 2512, Time: 00:11:30

Health: -8/18      AC:  2    Str:  9    XL:     3   Next: 17%
Magic:  6/8        EV: 17    Int: 14    God:
Gold:   91         SH:  0    Dex: 14    Spells: 5/7 levels left

rFire   . . .      SeeInvis +   q - +0 dagger (flame)
rCold   . . .      Faith    .   (no shield)
rNeg    . . .      Spirit   .   b - +0 robe
rPois   .          Reflect  .   (helmet restricted)
rElec   .          Harm     .   (no cloak)
rCorr   .          Rampage  .   (gloves unavailable)
Will    .....                   (boots unavailable)
Stlth   ++........              (no amulet)
HPRegen 0.06/turn               (no ring)
MPRegen 0.11/turn               (no ring)

@: on blink cooldown, very quick
A: very small, no large weapons, unfitting armour, see invisible, speed 3
a: no special abilities


You were on level 2 of the Dungeon.
You visited 1 branch of the dungeon, and saw 2 of its levels.

You collected 91 gold pieces.

Inventory:

Hand Weapons
 a - a +0 short sword
 f - a +0 short sword
 q - a +0 dagger of flaming (weapon)
Missiles
 d - 4 boomerangs of dispersal (quivered)
 g - 12 stones
Armour
 b - a +0 robe (worn)
 o - a +2 hat
Scrolls
 c - a scroll of blinking
 e - 2 scrolls of noise {unknown}
 h - 2 scrolls of vulnerability {unknown}
 i - 2 scrolls of magic mapping {unknown}
 j - a scroll of fear {unknown}
 m - 2 scrolls of teleportation {unknown}
 n - a scroll of poison {unknown}
 p - a scroll of butterflies {unknown}
 r - a scroll of enchant weapon {unknown}
Potions
 k - a potion of might {unknown}
 l - a potion of heal wounds {unknown}


   Skills:
 + Level 1.7 Fighting
 + Level 2.6 Short Blades
 + Level 1.0 Throwing
 + Level 3.4 Dodging
 + Level 0.9 Stealth
 + Level 2.8 Spellcasting
 + Level 5.4 Translocations


You had 5 spell levels left.
You knew the following spells:

 Your Spells              Type           Power      Damage    Failure   Level
a - Blink                 Tloc           34%        N/A       3%          2

Your spell library contained the following spells:

 Spells                   Type           Power      Damage    Failure   Level
 Gell's Gravitas          Tloc           17%        N/A       7%          3
 Lesser Beckoning         Tloc           17%        N/A       7%          3
 Teleport Other           Tloc           17%        N/A       7%          3
 Slow                     Hex            8%         N/A       22%         1
 Confusing Touch          Hex            2%         N/A       54%         3
 Vampiric Draining        Necr           2%         2d6       54%         3
 Manifold Assault         Tloc           17%        N/A       54%         5


Dungeon Overview and Level Annotations

Branches:
Dungeon (2/15)

Altars:


Innate Abilities, Weirdness & Mutations

You are very small and have problems with some larger weapons.
You are too small for most types of armour.
You have supernaturally acute eyesight. (SInv)
You cover ground extremely quickly. (Speed+++)


Message History

The adder poisons you!
Casting: Blink (safe; 3% risk of failure)
Confirm with . or Enter, or press ? or * to list all spells.
You are still too unstable to blink.
Unknown command.
You miss the adder.
You feel sick. The adder bites you.
You are more poisoned.
The adder poisons you!
You hit the adder. You burn the adder.
The adder is moderately wounded.
You feel sick. The kobold completely misses you.
The adder completely misses you.
Casting: Blink (safe; 3% risk of failure)
Confirm with . or Enter, or press ? or * to list all spells.
You are still too unstable to blink.
Unknown command.
Unknown command.
Throw: 5 boomerangs (disperse)
Press: ? - help, Q - select action, (/) - cycle Shift-Dir - straight line, f - adder
Aim: an adder (moderately wounded, 38% to hit)
You throw a boomerang of dispersal.
The boomerang of dispersal hits the adder.
The adder blinks!
The adder is severely wounded.
You feel sick. The kobold hits you with a +0 club.
You feel sick.
You feel stable enough to blink again.
You feel sick. The adder closely misses you.
You feel sick.
You feel sick.
You are no longer poisoned.
Casting: Blink (safe; 3% risk of failure)
Confirm with . or Enter, or press ? or * to list all spells.
You blink.
The adder bites you.
* * * LOW HITPOINT WARNING * * *
The kobold completely misses you. The worm bites you!
Ouch! That really hurt!
You die...

##...............###.
#.........####..# #.
##......#g#.....# ##
#......#...##.##
#..........##.##
###.#....#.##..##
#########.#.##........###
#.....Sgw..>.##.#.....S..
#.....Kg@###.##........r.
#........# #.###......#..
#........###.###.....#...
#..............#.....#.##
#........###...##........
########## ##............
#########..........##
#.......#.....##.....
#.....<..>#.........#


You could see a worm, an adder, a hobgoblin, a goblin and a kobold.

Vanquished Creatures
  A ball python (D:2)
  6 bats
  3 endoplasms (D:1)
  2 giant cockroaches (D:1)
  5 goblins
  3 hobgoblins (D:1)
  3 jackals (D:1)
  3 frilled lizards (D:1)
  2 kobolds
  4 rats
32 creatures vanquished.

Notes
Turn   | Place    | Note
-------+----------+-------------------------------------------
     0 | D:1      | mester the Spriggan Warper began the quest for the Orb.
     0 | D:1      | Reached XP level 1. HP: 10/10 MP: 5/5
   537 | D:1      | Reached skill level 5 in Translocations
   537 | D:1      | Reached XP level 2. HP: 13/15 MP: 6/6
   543 | D:1      | Learned a level 2 spell: Blink
  1501 | D:1      | Found a faded altar of an unknown god.
  1794 | D:1      | Reached XP level 3. HP: 16/18 MP: 8/8
  2512 | D:2      | Mangled by a worm

Illustrated notes

Levels and vault maps discovered:
D:1:      amcnicky_arrival_gap_in_the_tavern_cellar, layout_loops_ring,
          hellmonk_ecumenical_altar_defaced_shrine
D:2:      layout_rooms

Skill      XL: |  1 |
---------------+----+-----
Translocations | 5 |  5.4
Fighting       | |  1.7
Short Blades   | |  2.6
Throwing       | |  1.0
Dodging        | |  3.4
Stealth        | |  0.9
Spellcasting   | |  2.8

Action                   || total
-------------------------++-------
Melee: Short sword       ||   157
       Punch             ||     1
       Dagger            ||     2
Throw: Boomerang         ||     3
 Cast: Blink             ||     5
 Stab: Sleeping          ||     1
Armor: Robe              ||    29
Dodge: Dodged            ||   157
